 Dungeon Crawl Stone Soup version 0.21-a0-71-g5e5ddd2 (webtiles) character file.

65974 Murumi the Imperceptible (level 14, 0/103 HPs)
             Began as a Vampire Enchanter on June 17, 2017.
             Was the Champion of Dithmenos.
             Slain by an elephant (12 damage)
             ... on level 6 of the Lair of Beasts on June 19, 2017.
             The game lasted 02:14:24 (24965 turns).

Murumi the Imperceptible (Vampire Enchanter)       Turns: 24965, Time: 02:14:25

Health: 0/103      AC: 11    Str:  7    XL:     14   Next: 77%
Magic:  1/24       EV: 21    Int: 19    God:    Dithmenos [******]
Gold:   1663       SH:  0    Dex: 26    Spells: 7/27 levels left

rFire    . . .     SeeInvis +   y - +0 dagger (vamp)
rCold    + . .     Gourm    .   (no shield)
rNeg     + . .     Faith    .   w - +1 robe of Imiv {Dex+4}
rPois    .         Spirit   .   C - +2 hat {MR+}
rElec    .         Reflect  .   s - +0 cloak
rCorr    .         Harm     .   (no gloves)
MR       ++...                  q - +1 pair of boots
Stlth    ++++++++++             (no amulet)
HPRegen  0.27/turn              e - ring of stealth
MPRegen  0.19/turn              E - ring of Utelilic {+Blink rC+ Dex+4 Stlth+}

@: wreathed by umbra
A: fangs 3, molten scales 1, see invisible, shaggy fur 1, unbreathing
a: Bat Form, Shadow Step, Shadow Form, Renounce Religion, Evoke Blink


You were on level 6 of the Lair of Beasts.
You worshipped Dithmenos.
Dithmenos was exalted by your worship.
You were not thirsty.

You visited 3 branches of the dungeon, and saw 18 of its levels.

You collected 1663 gold pieces.

Inventory:

Hand Weapons
 m - a +1 dagger of venom
 y - a +0 vampiric dagger (weapon)
Missiles
 i - 640 stones (quivered)
 j - 28 tomahawks
 B - 2 throwing nets
 G - 7 javelins
Armour
 q - a +1 pair of boots (worn)
 s - a +0 cloak (worn)
 w - the +1 robe of Imiv (worn) {Dex+4}
   (You found it on level 5 of the Dungeon)

   It affects your dexterity (+4).
 C - a +2 hat of magic resistance (worn)
Jewellery
 e - a ring of stealth (left hand)
 E - the ring of Utelilic (right hand) {+Blink rC+ Dex+4 Stlth+}
   (You found it on level 8 of the Dungeon)

   [ring of protection from cold]

   It affects your dexterity (+4).
   It protects you from cold.
   It lets you blink.
   It makes you more stealthy.
 F - a +3 ring of evasion
 K - an uncursed ring of protection from cold
Scrolls
 a - 5 scrolls of teleportation
 b - 3 scrolls of enchant weapon {unknown}
 f - 2 scrolls of magic mapping {unknown}
 g - 4 scrolls of blinking {unknown}
 l - 2 scrolls of enchant armour {unknown}
 o - 8 scrolls of remove curse
 p - a scroll of fear {unknown}
 v - a scroll of noise {unknown}
 x - a scroll of brand weapon {unknown}
 z - a scroll of random uselessness {unknown}
 D - 4 scrolls of amnesia {unknown}
 I - a scroll of summoning {unknown}
 J - a scroll of fog {unknown}
 L - a scroll of torment {unknown}
Potions
 d - 32 potions of blood
 h - 4 potions of resistance
 k - 10 potions of curing
 n - 2 potions of agility
 t - a potion of magic
 u - 3 potions of might
 A - 2 potions of flight
 H - a potion of brilliance
 M - a potion of berserk rage {unknown}
Books
 c - a book of Maledictions

   Spells                             Type                      Level
   a - Corona                         Hexes                        1
   b - Ensorcelled Hibernation        Hexes/Ice                    2
   c - Confuse                        Hexes                        3
   d - Tukima's Dance                 Hexes                        3
   e - Dazzling Spray                 Conjuration/Hexes            3


   Skills:
 - Level 7.2 Fighting
 + Level 9.7 Short Blades
 - Level 3.0 Throwing
 - Level 9.0 Dodging
 - Level 23.0 Stealth
 - Level 7.0 Spellcasting
 - Level 14.0 Hexes
 - Level 7.0 Invocations
 - Level 3.0 Evocations


You had 7 spell levels left.
You knew the following spells:

 Your Spells              Type           Power        Failure   Level  Hunger
a - Corona                Hex            ######.      1%          1    None
b - Ensorcelled Hibernat  Hex/Ice        ####..       1%          2    None
c - Confuse               Hex            ######..     1%          3    #......
d - Tukima's Dance        Hex            ######..     1%          3    #......
e - Dazzling Spray        Conj/Hex       ####..       1%          3    #......
f - Controlled Blink      Tloc           N/A          100%        8    #######


Dungeon Overview and Level Annotations

Branches:
Dungeon (11/15)            Temple (1/1) D:4            Lair (6/6) D:11
 Shoals (0/4) Lair:3        Snake (0/4) Lair:4        Slime (0/5) Lair:6
    Orc (0/2) D:11

Altars:
Ashenzari
Cheibriados
Dithmenos
Elyvilon
Fedhas
Gozag
Hepliaklqana
Kikubaaqudgha
Makhleb
Nemelex Xobeh
Okawaru
Qazlal
Ru
Sif Muna
Trog
Uskayaw
Vehumet
Wu Jian
Xom
Yredelemnul
Zin
The Shining One
Jiyva

Annotations:
D:10 3 runed doors, exclusion: orange crystal statue, MirrMurr's ghost, journeyman HOFi


Innate Abilities, Weirdness & Mutations

You have razor-sharp teeth.
You have supernaturally acute eyesight. (SInv)
You can survive without breathing.
You are partially covered in molten scales. (AC +2)
You are covered in fur. (AC +1)


Message History

The elephant is severely wounded.
The elephant misses you.
The elephant trunk-slaps you but does no damage.
You hit the elephant but do no damage.
The elephant is severely wounded.
You hit the elephant but do no damage.
The elephant is severely wounded.
Your shadow hits the elephant but does no damage.
The elephant tramples you.
* * * LOW HITPOINT WARNING * * *
You hold your ground!
The elephant trunk-slaps you but does no damage.
You hit the elephant but do no damage.
The elephant is severely wounded.
Your shadow hits the elephant but does no damage.
You hit the elephant but do no damage.
You bite the elephant, but do no damage.
The elephant is severely wounded.
The elephant tramples you!
You die...

#......##....##.....##....##
##.........#................
##......%##...÷.†#÷^.......
##...######..#.#.#........
##.#.## #.%######..#.#..
#.#.#.## #### ########
##....†## ####.#####
##...†.Y## ###.#...#.#.
#......#@# ##...........
#.....#### ##............
##.....# #....#.#....#.
#/#....## #..##.#.##.###
###..##..####..#########
#...##....#....#...#.####
###........#........#...##
##...###....#.#............
##...###....#.##.#.#.#.....#


You could see an elephant.

Vanquished Creatures
  Gastronok (D:11)
  A fire dragon (Lair:6)
  Snorg (D:11)
  4 hydras
  A two-headed ogre (D:10)
  A death knight (D:10)
  Erica (D:11)
  15 death yaks
  Urug (D:11)
  A fire crab (Lair:6)
  An unseen horror (D:10)
  2 lindwurms (Lair:6)
  An oklob plant (Lair:2)
  An orc knight (D:10)
  2 cyclopes (D:11)
  2 manticores (Lair:6)
  4 elephants (Lair:6)
  2 centaur zombies (D:11)
  5 black mambas
  6 torpor snails (Lair:6)
  11 spiny frogs
  A rime drake (Lair:6)
  4 komodo dragons
  2 hellwings (D:11)
  3 meliai
  A queen bee (Lair:5)
  A troll (D:10)
  12 polar bears
  3 tyrant leeches (Lair:6)
  7 hornets (Lair:6)
  5 blink frogs (Lair:3)
  A raiju (Lair:6)
  A dream sheep (Lair:6)
  11 hippogriffs
  42 yaks
  A human (D:9)
  2 wyverns
  2 basilisks (Lair:6)
  3 hogs (D:9)
  A steam dragon (D:9)
  4 wargs (Lair:6)
  2 acid dragons (D:10)
  15 hell hounds (Lair:6)
  9 water moccasins
  4 porcupines
  13 black bears
  8 orc warriors
  6 ice beasts
  2 phantoms
  3 sky beasts
  An eye of draining (D:8)
  3 necrophages
  3 ogres
  8 centaurs
  60 wolves
  2 big kobolds
  2 crocodiles
  17 bullfrogs
  A scorpion (D:9)
  4 wights (D:9)
  28 killer bees
  5 howler monkeys
  A crimson imp (D:10)
  2 bullfrog zombies
  3 bullfrog skeletons
  7 hounds
  4 jellies
  3 orc priests
  Ijyb (D:5)
  8 centaur skeletons
  4 iguanas
  10 orc wizards
  9 worker ants
  Natasha (thrice) (D:3)
  A hound skeleton (D:10)
  A hound zombie (D:5)
  A howler monkey zombie (D:9)
  3 gnolls (D:7)
  2 howler monkey skeletons
  15 adders
  5 shadow imps
  2 adder skeletons (D:4)
  An adder zombie (D:8)
  2 worms
  2 dart slugs (D:1)
  6 leopard geckos
  59 orcs
  6 bats
  6 giant cockroaches
  11 goblins
  5 hobgoblins
  6 jackals
  14 kobolds
  4 quokkas
  2 ball pythons
  5 frilled lizards
  A leopard gecko skeleton (D:5)
  A quokka skeleton (D:6)
  A quokka zombie (D:5)
  5 rats
  3 plants
592 creatures vanquished.

Vanquished Creatures (collateral kills)
  A shadow imp (D:11)
1 creature vanquished.

Vanquished Creatures (others)
  A dancing weapon (D:10)
  A hell hound (Lair:6)
  A wolf (Lair:6)
  7 fungi
  22 plants
32 creatures vanquished.

Grand Total: 625 creatures vanquished

Notes
Turn   | Place    | Note
-------+----------+-------------------------------------------
     0 | D:1      | Murumi the Vampire Enchanter began the quest for the Orb.
     0 | D:1      | Reached XP level 1. HP: 13/13 MP: 3/3
   303 | D:1      | Reached skill level 5 in Stealth
   526 | D:1      | Reached XP level 2. HP: 20/20 MP: 5/5
   530 | D:1      | Learned a level 2 spell: Ensorcelled Hibernation
   562 | D:1      | Reached skill level 1 in Fighting
  1421 | D:2      | Found a sparkling altar of Nemelex Xobeh.
  1422 | D:2      | Found a shimmering altar of Xom.
  1430 | D:2      | Reached XP level 3. HP: 26/26 MP: 1/6
  1765 | D:2      | Reached skill level 6 in Stealth
  2129 | D:2      | Reached XP level 4. HP: 32/32 MP: 0/7
  2134 | D:2      | Learned a level 3 spell: Confuse
  2663 | D:3      | Noticed Natasha
  2667 | D:3      | Killed Natasha
  2667 | D:3      | Reached skill level 7 in Stealth
  2691 | D:3      | Found a white marble altar of Elyvilon.
  2816 | D:3      | Reached skill level 8 in Stealth
  2816 | D:3      | Reached XP level 5. HP: 37/37 MP: 8/8
  2832 | D:3      | Noticed Natasha
  2842 | D:3      | Killed Natasha
  3159 | D:3      | Found a hazy altar of Hepliaklqana.
  3378 | D:3      | Reached skill level 9 in Stealth
  3754 | D:3      | Noticed Natasha
  3774 | D:3      | Killed Natasha
  3876 | D:3      | Reached XP level 6. HP: 40/43 MP: 6/9
  3904 | D:3      | Reached skill level 10 in Stealth
  4013 | D:3      | Found an ornate altar of the Wu Jian Council.
  4314 | D:4      | Found a bloodstained altar of Trog.
  4367 | D:4      | Found a staircase to the Ecumenical Temple.
  4378 | Temple   | Entered the Ecumenical Temple
  4730 | D:4      | Reached skill level 5 in Hexes
  5217 | D:4      | Reached XP level 7. HP: 36/50 MP: 1/10
  5455 | D:5      | Entered Level 5 of the Dungeon
  5462 | D:5      | Reached skill level 1 in Throwing
  5569 | D:5      | Got a heavily jewelled robe
  5580 | D:5      | Identified the +1 robe of Imiv {Dex+4} (You found it on level 5 of the Dungeon)
  5628 | D:5      | HP: 1/50 [centaur/arrow (14)]
  5954 | D:5      | Noticed Ijyb
  5960 | D:5      | Killed Ijyb
  5960 | D:5      | Reached skill level 11 in Stealth
  6268 | D:5      | Found a shadowy altar of Dithmenos.
  6273 | D:5      | Became a worshipper of Dithmenos the Shadowed
  6389 | D:5      | Learned a level 3 spell: Tukima's Dance
  6594 | D:5      | Reached XP level 8. HP: 35/56 MP: 2/11
  6749 | D:6      | Reached skill level 12 in Stealth
  7298 | D:6      | Found a blossoming altar of Fedhas.
  7307 | D:6      | Reached skill level 5 in Dodging
  7313 | D:6      | Reached XP level 9. HP: 61/61 MP: 11/13
  7331 | D:6      | Reached * piety under Dithmenos
  7721 | D:7      | Found a deep blue altar of Sif Muna.
  7734 | D:7      | Identified Sif Muna's Catalogue of Augmentations
  7920 | D:7      | Reached skill level 13 in Stealth
  8211 | D:7      | Found a sacrificial altar of Ru.
  8595 | D:8      | Reached ** piety under Dithmenos
  8671 | D:8      | Reached skill level 14 in Stealth
  8690 | D:8      | Got a twitching lead ring
  8692 | D:8      | Identified the ring of Utelilic {+Blink rC+ Dex+4 Stlth+} (You found it on level 8 of the Dungeon)
  8765 | D:8      | Reached skill level 5 in Short Blades
  8980 | D:8      | Reached skill level 1 in Evocations
  9159 | D:8      | Reached XP level 10. HP: 70/70 MP: 12/15
  9583 | D:9      | Reached skill level 15 in Stealth
  9830 | D:9      | Reached skill level 16 in Stealth
 10018 | D:9      | Found a glowing golden altar of the Shining One.
 10109 | D:9      | Reached skill level 17 in Stealth
 10471 | D:10     | Entered Level 10 of the Dungeon
 10670 | D:10     | Noticed a death knight
 10671 | D:10     | Noticed a two-headed ogre
 11237 | D:10     | Reached *** piety under Dithmenos
 11237 | D:10     | Reached skill level 18 in Stealth
 11442 | D:10     | Learned a level 3 spell: Dazzling Spray
 11493 | D:10     | Noticed an orc knight
 11904 | D:10     | Killed a death knight
 11904 | D:10     | Reached XP level 11. HP: 46/75 MP: 1/18
 12067 | D:10     | Killed a two-headed ogre
 12067 | D:10     | Reached skill level 5 in Spellcasting
 12306 | D:10     | Found a runed door.
 12312 | D:10     | Got a pair of jewelled gloves
 12318 | D:10     | Identified the cursed -2 pair of gloves of Tender Moments {rElec rC- Str+5} (You found it on level 10 of the Dungeon)
 12865 | D:10     | Noticed an unseen horror
 12874 | D:10     | Killed an unseen horror
 12885 | D:10     | Found a runed door.
 12906 | D:10     | Noticed MirrMurr's ghost (journeyman HOFi)
 12914 | D:10     | Found a runed door.
 12914 | D:10     | Noticed an orange crystal statue
 13272 | D:11     | Reached **** piety under Dithmenos
 13275 | D:11     | Found a staircase to the Orcish Mines.
 13463 | D:11     | Noticed Gastronok
 13468 | D:11     | Killed Gastronok
 13468 | D:11     | Reached skill level 5 in Invocations
 13592 | D:11     | Noticed a death yak
 13594 | D:11     | Found a staircase to the Lair.
 13595 | D:11     | Noticed a death yak
 13596 | D:11     | Noticed a death yak
 13596 | D:11     | Noticed a death yak
 13596 | D:11     | Noticed a death yak
 13597 | D:11     | Killed a death yak
 13597 | D:11     | Reached skill level 10 in Hexes
 13601 | D:11     | Killed a death yak
 13603 | D:11     | Noticed a death yak
 13607 | D:11     | Killed a death yak
 13607 | D:11     | Reached skill level 5 in Fighting
 13608 | D:11     | Killed a death yak
 13608 | D:11     | Reached XP level 12. HP: 86/86 MP: 9/21
 14628 | D:11     | Reached skill level 19 in Stealth
 14700 | D:11     | Noticed Urug
 14700 | D:11     | Noticed Snorg
 14714 | D:11     | Killed Snorg
 14721 | D:11     | Killed Urug
 14938 | D:11     | Noticed Erica
 14942 | D:11     | Killed Erica
 15295 | D:11     | Killed a death yak
 15301 | D:11     | Killed a death yak
 15379 | Lair:1   | Entered Level 1 of the Lair of Beasts
 15589 | Lair:1   | Noticed a six-headed hydra
 15669 | Lair:1   | Killed a six-headed hydra
 15750 | Lair:1   | Reached skill level 20 in Stealth
 16273 | Lair:1   | Reached XP level 13. HP: 35/93 MP: 15/22
 16836 | Lair:1   | Reached ***** piety under Dithmenos
 17827 | Lair:2   | Reached skill level 21 in Stealth
 18621 | Lair:3   | Found a staircase to the Shoals.
 19239 | Lair:4   | Gained mutation: You are covered in fur. (AC +1) [potion of mutation]
 19239 | Lair:4   | Gained mutation: You are partially covered in molten scales. (AC +2) [potion of mutation]
 19288 | Lair:4   | You fall through a shaft!
 19346 | Lair:4   | Found a staircase to the Snake Pit.
 20044 | Lair:5   | Reached skill level 22 in Stealth
 21494 | Lair:5   | Upgraded the game from 0.21-a0-64-g1c0f2e3 to 0.21-a0-71-g5e5ddd2
 21513 | Lair:6   | Entered Level 6 of the Lair of Beasts
 21542 | Lair:6   | Reached XP level 14. HP: 101/101 MP: 24/24
 21772 | Lair:6   | Identified the Tome of Poisoning and Orientation
 21925 | Lair:6   | Learned a level 8 spell: Controlled Blink
 22097 | Lair:6   | Found a viscous altar of Jiyva.
 22098 | Lair:6   | Found a staircase to the Slime Pits.
 22598 | Lair:6   | Found a runed door.
 23867 | Lair:6   | Reached ****** piety under Dithmenos
 24220 | Lair:6   | Reached skill level 23 in Stealth
 24899 | Lair:6   | HP: 5/103 [elephant (9)]
 24965 | Lair:6   | Slain by an elephant

Vault maps used:
D:1:      roderic_octagonal_star
D:2:      gammafunk_temple_overflow_pools
D:3:      marbit_many_paths, lemuel_round_altar, overflow_temple_1_default,
          first_bread, grunt_ministairs_9, uniq_natasha
D:4:      lemuel_coloured_pillars_altar, minmay_temple_entry_poolview
D:5:      lemuel_doored_altar, minivault_23, uniq_ijyb
D:6:      kennysheep_mini, hangedman_abyss_or_decor_jellyfish_corner
D:7:      overflow_temple_1_default, led_sif_book
D:9:      nicolae_overflow_hidden_temple, grunt_livestock
D:10:     minmay_the_grid_octo_tiled_squarecenter,
          chequers_guarded_unrand_ignorance
D:11:     cheibrodos_grave_circle, dpeg_lair_monsters, david_orc_3,
          uniq_gastronok, uniq_erica, uniq_urug, uniq_snorg
Temple:   minmay_temple_bridge_abc
Lair:1:   st_stairs_9, nicolae_quartered_pool_little,
          grunt_forest_large_clearings
Lair:2:   minmay_lair_oklob_chamber
Lair:3:   minmay_shoals_entry_centaurs
Lair:4:   dummy_snake_entry, grunt_megastairs_2, infiniplex_staircase_pool
Lair:5:   special_room
Lair:6:   wormcave, hangedman_lair_caniforms_friends, slime_altar_1,
          hangedman_lair_generics_rect, serial_bayou_shore_b

Skill      XL: |  1  2  3  4  5  6  7  8  9 10 11 12 13 14 |
---------------+-------------------------------------------+-----
Stealth        | 5 6 8 9 10 11 12 14 18 20 22 23 | 23.0
Fighting       | 1 2 3 5 6 7 |  7.2
Short Blades   | 2 3 4 5 7 8 9 |  9.7
Hexes          | 5 6 7 8 9 10 12 14 | 14.0
Dodging        | 3 6 8 9 |  9.0
Throwing       | 2 3 |  3.0
Invocations    | 2 3 5 6 7 |  7.0
Spellcasting   | 3 4 6 7 |  7.0
Evocations     | 1 2 3 |  3.0

Action                   |  1- 3 |  4- 6 |  7- 9 | 10-12 | 13-15 || total
-------------------------+-------+-------+-------+-------+-------++-------
Melee: Dagger            |    49 |   121 |   245 |  1164 |  1162 ||  2741
       Bite              |     1 |     7 |    16 |   161 |   213 ||   398
 Cast: Corona            |     7 |       |       |       |       ||     7
       Ensorcelled Hiber |    16 |    34 |    43 |   140 |   215 ||   448
       Confuse           |       |     2 |    10 |    50 |    53 ||   115
       Dazzling Spray    |       |       |       |    14 |     3 ||    17
       Tukima's Dance    |       |       |       |    11 |       ||    11
Invok: Shadow Step       |       |       |       |     4 |     3 ||     7
 Abil: End Transformatio |       |       |     2 |     1 |       ||     3
       Bat Form          |       |       |     2 |     1 |       ||     3
  Use: Scroll            |     2 |     1 |     2 |     2 |     7 ||    14
       Potion            |       |     1 |    12 |    24 |     7 ||    44
 Stab: Sleeping          |    24 |    47 |    76 |   101 |   179 ||   427
       Distracted        |     2 |     1 |     4 |    12 |     8 ||    27
       Confused          |       |       |     4 |    40 |    33 ||    77
       Invisible         |       |       |       |    13 |     2 ||    15
Armor: Robe              |     3 |    12 |    10 |    68 |   132 ||   225
       Skin              |       |       |    71 |    28 |       ||    99
Dodge: Dodged            |    23 |    44 |    97 |   932 |   811 ||  1907
